AoeStats
← Peshmerga424

African Clearing

510788827Analyzed
4v4 RM · 1d ago on Oct 2, 2026· 45m 14s· 8 players
Game mode
Random Map
Map size
Large (8 player)
Population
200
Speed
Normal
Resources
Standard
Victory
Conquest
Starting age
Dark Age
Ending age
Imperial Age
RankedLock teamsTeams togetherTeam positionsShared explorationLock speedFull tech treeHidden civsTurbo modeCheats
Victory
Defeat
🇨🇴 Britons · Colombia
1179
+16
🇸🇪 Malay · Sweden
1165
+16
🇲🇽 Huns · Mexico
1163
+17
🇪🇸 Persians · Spain
1143
+17
🇩🇪 Wei · Germany
1216
-18
🇦🇷 Berbers · Argentina
1211
-18
🇨🇳 Portuguese · China
1150
-16
🇩🇪 Spanish · Germany
1122
-14
HD_montu
5:51 Loom
13:41 Feudal Age
17:31 Castle Age
16:37 Double-Bit Axe
18:48 Bow Saw
21:46 Forging
22:39 Horse Collar
24:56 Bloodlines
26:04 Heavy Plow
28:53 Scale Barding Armor
30:04 Chain Barding Armor
30:19 Iron Casting
30:11 Husbandry
32:58 Marauders
34:46 Wheelbarrow
37:40 Imperial Age
37:55 Cavalier
39:00 Atheism
39:02 Conscription
39:18 Elite Tarkan
41:29 Hand Cart
42:19 Two-Man Saw
43:20 Blast Furnace
42:54 Light Cavalry
43:47 Hussar
45:34 Plate Barding Armor
Peshmerga424
10:02 Loom
12:11 Feudal Age
12:38 Double-Bit Axe
16:37 Wheelbarrow
26:59 Castle Age
hargir
4:52 Loom
13:17 Feudal Age
14:15 Double-Bit Axe
21:48 Castle Age
21:34 Fletching
22:25 Crossbowman
24:41 Padded Archer Armor
29:27 Leather Archer Armor
29:35 Bodkin Arrow
32:56 Ballistics
35:27 Imperial Age
34:09 Wheelbarrow
34:47 Gold Mining
36:40 Bracer
37:12 Arbalester
40:01 Gold Shaft Mining
42:00 Ring Archer Armor
42:17 Conscription
43:27 Horse Collar
43:56 Scale Mail Armor
44:35 Hand Cart
44:06 Town Watch
44:26 Elite Longbowman
GADIR00th
5:58 Loom
14:34 Feudal Age
16:07 Double-Bit Axe
19:01 Bloodlines
19:07 Bloodlines
24:45 Castle Age
23:58 Scale Barding Armor
23:45 Fletching
24:07 Forging
23:58 Gold Mining
25:43 Husbandry
34:25 Chain Barding Armor
36:00 Iron Casting
36:05 Bow Saw
42:28 Imperial Age
40:54 Bodkin Arrow
43:26 Plate Barding Armor
43:53 Blast Furnace
44:03 Cavalier
Phil
6:02 Loom
14:19 Feudal Age
15:45 Double-Bit Axe
15:42 Horse Collar
18:11 Castle Age
41:59 Imperial Age
40:05 Wheelbarrow
39:18 Town Watch
41:09 Tuntian
41:24 Stone Mining
41:28 Gold Mining
42:12 Scale Barding Armor
43:12 Conscription
44:18 Chain Barding Armor
44:37 Forging
44:26 Elite Tiger Cavalry
DHOKO
3:34 Loom
15:37 Feudal Age
21:55 Castle Age
21:39 Fletching
24:01 Elite Skirmisher
24:48 Padded Archer Armor
38:30 Wheelbarrow
43:54 Hand Cart
43:24 Town Watch
DasEd86
6:39 Loom
12:45 Feudal Age
14:38 Double-Bit Axe
20:55 Castle Age
lukam
9:16 Loom
14:16 Feudal Age
18:20 Castle Age
16:08 Loom
17:02 Double-Bit Axe
18:22 Stone Mining
19:02 Gold Mining
19:05 Horse Collar
24:19 Town Watch
28:46 Wheelbarrow
35:34 Imperial Age
36:06 Elite Organ Gun
37:09 Arson
38:01 Scale Mail Armor
38:12 Forging
37:29 Pikeman
42:23 Chain Mail Armor
Connection lost

Rejoining the realm…

Still unreachable

The connection could not be restored.

Session expired

The server has moved on; the page needs a fresh start.